 Dungeon Crawl Stone Soup version 0.14-a0-365-g2883480 (webtiles) character file.

251 b4rR31r0l1 the Changer (level 4, -1/19 HPs)
             Began as a Felid Transmuter on Oct 20, 2013.
             Killed by divine providence
             ... invoked by an orc priest
              (14 damage)
             ... on Level 3 of the Dungeon on Oct 25, 2013.
             The game lasted 00:17:53 (2781 turns).

b4rR31r0l1 the Changer (Felid Transmuter)           Turns: 2781, Time: 00:17:56

HP  -1/19        AC  2     Str  6      XL: 4   Next:  8%
MP   5/9         EV 21     Int 21      God:
Gold 178         SH  0     Dex 21      Spells:  2 memorised,  3 levels left
Lives: 0, deaths: 1

Res.Fire  : . . .   See Invis. : +     - Unarmed
Res.Cold  : . . .   Warding    : .   (armour unavailable)
Life Prot.: . . .   Conserve   : .   (shield unavailable)
Res.Poison: x       Res.Corr.  : .   (helmet unavailable)
Res.Elec. : .       Clarity    : .   (cloak unavailable)
Sust.Abil.: . .     Spirit.Shd : .   (gloves unavailable)
Res.Mut.  : .       Stasis     : .   (boots unavailable)
Res.Rott. : .       Flight     : .   m - amulet of the gourmand
Gourmand  : +                        o - +4 ring of intelligence
                                     i - +2 ring of intelligence

@: spider-form (expiring), quick, slightly resistant to hostile enchantments,
fairly stealthy
A: paw claws, no armour, no advanced items, (fangs 0), see invisible, carnivore
3, (speed 0), slow metabolism 1, jump 1
a: Jump Attack, End Transformation


You were on level 3 of the Dungeon.
You were not hungry.
You were in spider-form.
You visited 1 branch of the dungeon, and saw 3 of its levels.

You collected 158 gold pieces.

Inventory:

Missiles
 b - 12 arrows
Comestibles
 a - a meat ration
Scrolls
 c - 3 scrolls of identify {unknown}
 e - 2 scrolls of enchant weapon I {unknown}
 g - 4 scrolls of remove curse {unknown}
 k - a scroll of teleportation {unknown}
 n - a scroll of fog {unknown}
 p - a scroll of enchant armour {unknown}
Jewellery
 i - a +2 ring of intelligence (left front leg)
 m - an amulet of the gourmand (around neck)
 o - a +4 ring of intelligence (right front leg)
Potions
 f - 3 potions of curing
 h - a potion of restore abilities {unknown}
 j - a potion of mutation {unknown}
 l - 2 potions of confusion {unknown}
Books
 d - a book of Changes

   Spells                             Type                      Level
   *Beastly Appendage                 Transmutation                1
   Sticks to Snakes                   Transmutation                2
   *Spider Form                       Transmutation/Poison         3
   Ice Form                           Ice/Transmutation            4
   Blade Hands                        Transmutation                5


   Skills:
 - Level 2.2 Fighting
 - Level 2.6 Dodging
 - Level 3.2 Unarmed Combat
 - Level 2.0 Spellcasting
 + Level 5.0 Transmutations


You had 3 spell levels left.
You knew the following spells:

 Your Spells              Type           Power        Failure   Level  Hunger
a - Beastly Appendage     Trmt           ###...       8%          1    #......
b - Spider Form           Trmt/Pois      ##........   36%         3    ###....


Dungeon Overview and Level Annotations

Branches:
Dungeon (3/27)

Altars:
Ashenzari
Trog


Innate Abilities, Weirdness & Mutations

You cannot wear armour.
You are incapable of any advanced item manipulation.
((Your paws have sharp claws.))*
((You have razor-sharp teeth.))*
You have supernaturally acute eyesight.
You are carnivorous and can eat meat at any time.
((You cover ground quickly.))*
((You are covered in fur (AC +1).))*
You have a slow metabolism.
You can jump attack at a short distance.


Message History

Your Transmutations skill increases to level 5!
The orc barely misses you.
You hit the orc.
The orc is severely wounded.
Your transformation is almost over.
The orc misses you.
You hit the orc.
The orc looks even sicker.
The orc is severely wounded.
The orc closely misses you.
You hit the orc priest.
The orc priest is poisoned.
The orc priest is heavily wounded.
The orc priest calls down the wrath of Beogh upon you.
Pain shoots through your body! The orc hits you but does no damage.
You hit the orc priest.
The orc priest is almost dead.
You kill the orc!
The orc priest invokes the aid of Beogh against you.
Something smites you!
Ouch! That really hurt!
You die...

##...#.##...####.###........##...
.....#⌠.##+#..⌠#..##.+###....'...
...............#......########...
...####.......##)##.#......# #...
..#...#.......#...#o######.# #...
..#...+..._(%.'...'....###.###...
..#...#.......#...#..............
..#.###.......#####....##########
...............#s)...........
.....#⌠.##+##.⌠#.o........(..
##.#.#..#...####...(......... ##
#.#....#.......(...(.......o. #.
#......#...#..#.......###'# #.
######.#####.##.(...%%....# #.
#.......##.....)%#########.
##############.#...(.......
#.############


You could see an orc priest.

Vanquished Creatures
  A scorpion (D:3)
  2 adders
  3 giant geckos
  An ooze (D:1)
  5 orcs (D:3)
  13 goblins
  10 hobgoblins
  7 jackals
  4 ball pythons
  15 bats
  5 giant newts
  9 kobolds
  6 rats
81 creatures vanquished.

Notes
Turn   | Place    | Note
--------------------------------------------------------------
     0 | D:1      | b4rR31r0l1, the Felid Transmuter, began the quest for the Orb.
     0 | D:1      | Reached XP level 1. HP: 9/9 MP: 2/2
    62 | D:1      | Upgraded the game from 0.14-a0-314-g3e3f616 to 0.14-a0-365-g2883480
   244 | D:1      | Reached XP level 2. HP: 2/12 MP: 4/4
   981 | D:1      | Reached XP level 3. HP: 10/15 MP: 4/6
   999 | D:1      | Learned a level 3 spell: Spider Form
  1965 | D:3      | Reached XP level 4. HP: 19/19 MP: 9/9
  2019 | D:3      | Reached skill level 4 in Transmutations
  2134 | D:3      | Found a shattered altar of Ashenzari.
  2293 | D:3      | Found a bloodstained altar of Trog.
  2594 | D:3      | Slain by an orc
  2595 | D:3      | Reached XP level 3. HP: -4/15 MP: 6/6
  2772 | D:3      | Reached XP level 4. HP: 17/19 MP: 4/9
  2777 | D:3      | Reached skill level 5 in Transmutations
  2781 | D:3      | Killed from afar by an orc priest

Action                   |  1- 3 |  4- 6 || total
-------------------------+-------+-------++-------
Melee: Unarmed           |   152 |    89 ||   241
 Cast: Beastly Appendage |    14 |     7 ||    21
       Spider Form       |     2 |     1 ||     3
 Abil: Jump Attack       |     3 |     1 ||     4
  Use: Potion            |       |     1 ||     1
